Cogmind - Beta 9.6 @@@ ROGUE MODE // 2020.06.18 @ 22:29:26 Player: Vectis Result: Destroyed by S-43 Plague with Heavy Machine Gun Performance ------------- Evolutions (7) 3500 Regions Visited (25) 5000 Robots Destroyed (401) 2005 Value Destroyed (15140) 15140 Prototype IDs (79) 1580 Alien Tech Used (4) 800 Bonus (30775) 30775 TOTAL SCORE: 58800 Bonus ------- Triggered High Security 500 High Alert Combat Kills 4258 Follower Combat Kills 4917 Entered Garrisons 200 Aligned with FarCom 300 Met Imprinter 300 Destroyed Z-Imprinter 1000 Triggered Deep Caves Wall 1000 Exposed GOLEM Chamber 9000 Met Zhirov 300 Found Hidden Lab 3000 Used Core Reset Matrix 3000 Scanned by Researcher 500 Pursued by Intercept 1000 Acquired SGEMP 2000 Friendly Fire -500 Cogmind --------- Core Integrity 0/1300 Matter 189/300 Energy 100/100 System Corruption 5% Temperature Cool (0) Movement Core (50) Location -3/Testing Parts ------- > --- POWER (2) -------- (None) > --- PROPULSION (3) --- (None) > --- UTILITY (14) ----- Advanced Coolant Injector Hacking Suite Experimental Hacking Suite > --- WEAPON (2) ------- (None) > --- INVENTORY (4) ---- Hypervelocity EM Gauss Rifle Guided Remote Datajack SGEMP Prototype Peak State ------------ > --- POWER ------------ Assembled Flux Generator > --- PROPULSION ------- Assembled Alloy Leg Assembled Alloy Leg Centrium Leg > --- UTILITY ---------- Assembled Nanovents Assembled Nanovents Assembled Nanovents Assembled Nanovents Assembled Biocell Array Assembled Biocell Array Assembled Suspension Frame Assembled Suspension Frame Assembled Combat Suite Assembled Alloy Armor Assembled Alloy Armor Assembled Alloy Armor GOLEM Unit > --- WEAPON ----------- Assembled Focal Cannon Assembled Focal Cannon > --- INVENTORY -------- Quantum Capacitor Potential Cannon [Rating: 188] Favorites ----------- Power Assembled Flux Generator Engine Ion Engine Power Core Micro Nuclear Core Reactor Assembled Flux Generator Propulsion Assembled Alloy Leg Treads Light Treads Leg Assembled Alloy Leg Wheel Wheel Hover Unit Gravmag System Flight Unit Cesium-ion Thruster Utility Humpback Device GOLEM Unit Storage Humpback Processor Melee Analysis Suite Hackware System Shield Protection Assembled Alloy Armor Weapon Assembled Focal Cannon Energy Gun Zionite Laser-M Energy Cannon Assembled Focal Cannon Ballistic Gun Autogun Launcher Mini Grenade Launcher Special Weapon Plasma Cutter Slashing Weapon Chainsword Piercing Weapon Makeshift Spear Build | -11 -10 -10 -9 -9 -9 -8 -8 -8 -7 -7 -7 -7 -7 -6 -6 -5 -5 -5 -5 -4 -4 -4 -4 -3 -3 ------- Run | Scr Mat Min Mat Min Exi Min Mat Gar Fac Low Low Zio Dee Pro Fac Fac Upp Upp Zhi Pro Fac Arm Lab Res Tes Slots Evolved 14 | . . . 2 . . . 2 . 2 . . . . . 2 2 . . . . 2 . . 2 . Power 1 | . . . . . . . . . . . . . . . 1 . . . . . . . . . . Propulsion 1 | . . . 1 . . . . . . . . . . . . . . . . . . . . . . Utility 12 | . . . 1 . . . 2 . 2 . . . . . 1 2 . . . . 2 . . 2 . Weapon . | . . . . . . . . . . . . . . . . . . . . . . . . . . Parts Attached 408 | 7 9 . 34 6 3 . 40 . 54 1 . 15 71 . 2 3 2 12 8 4 21 10 31 26 49 Power 21 | 1 . . 2 . 1 . 2 . 4 . . . 5 . 1 . 1 . . . 1 . . . 3 Engine 6 | 1 . . 2 . 1 . 2 . . . . . . . . . . . . . . . . . . Core 6 | . . . . . . . . . 4 . . . 2 . . . . . . . . . . . . Reactor 9 | . . . . . . . . . . . . . 3 . 1 . 1 . . . 1 . . . 3 Propulsion 85 | 2 3 . 14 1 1 . 5 . 18 . . 5 24 . . . . . 2 . 2 1 . . 7 Treads 30 | 2 3 . 14 1 1 . 5 . . . . 3 1 . . . . . . . . . . . . Leg 13 | . . . . . . . . . . . . . 2 . . . . . 2 . 2 1 . . 6 Wheel 9 | . . . . . . . . . 3 . . . 6 . . . . . . . . . . . . Hover 21 | . . . . . . . . . 8 . . . 13 . . . . . . . . . . . . Flight 12 | . . . . . . . . . 7 . . 2 2 . . . . . . . . . . . 1 Utility 215 | 2 2 . 2 . 1 . 11 . 24 1 . 8 32 . 1 3 1 10 6 4 18 8 25 24 32 Device 93 | . . . . . . . . . 3 1 . 4 11 . . 2 . 3 3 1 11 4 12 19 19 Storage 49 | 2 2 . 1 . 1 . 1 . 5 . . 3 9 . . . . 4 2 3 1 2 9 . 4 Processor 11 | . . . 1 . . . . . 5 . . . 2 . . . . . . . . . . 3 . Hackware 21 | . . . . . . . 1 . 11 . . . . . . . . . . . 3 . . 2 4 Protection 41 | . . . . . . . 9 . . . . 1 10 . 1 1 1 3 1 . 3 2 4 . 5 Artifact . | . . . . . . . . . . . . . . . . . . . . . . . . . . Weapon 87 | 2 4 . 16 5 . . 22 . 8 . . 2 10 . . . . 2 . . . 1 6 2 7 Energy Gun 22 | 2 2 . 5 . . . 1 . 1 . . 1 7 . . . . 1 . . . . 1 . 1 Energy Cannon 7 | . 1 . 3 . . . . . . . . . . . . . . . . . . . 1 . 2 Ballistic Gun 23 | . 1 . 7 4 . . 11 . . . . . . . . . . . . . . . . . . Ballistic Cannon . | . . . . . . . . . . . . . . . . . . . . . . . . . . Launcher 5 | . . . 1 1 . . 3 . . . . . . . . . . . . . . . . . . Special Weapon 9 | . . . . . . . 4 . 1 . . . . . . . . . . . . 1 1 2 . Impact Weapon . | . . . . . . . . . . . . . . . . . . . . . . . . . . Slashing Weapon 18 | . . . . . . . 3 . 6 . . 1 . . . . . 1 . . . . 3 . 4 Piercing Weapon 3 | . . . . . . . . . . . . . 3 . . . . . . . . . . . . Special Melee Weapon . | . . . . . . . . . . . . . . . . . . . . . . . . . . Unidentified Prototypes 42 | . . . 1 . . . 2 . 1 . . 2 10 . . . . 1 5 . 3 . 7 . 10 Parts Lost 91 | . 5 . 6 5 . . 1 . 12 . . . 2 . . . 2 9 . . 7 1 . . 41 Power 12 | . . . 1 . . . . . 2 . . . . . . . 1 2 . . 1 . . . 5 Propulsion 11 | . 1 . 3 1 . . . . 4 . . . . . . . . . . . . . . . 2 Utility 46 | . . . . . . . . . 5 . . . 1 . . . 1 5 . . 5 1 . . 28 Weapon 22 | . 4 . 2 4 . . 1 . 1 . . . 1 . . . . 2 . . 1 . . . 6 Highest Loss Streak 13 | . 1 . 2 3 . . 1 . 4 . . . 1 . . . 1 6 . . 2 1 . . 13 Average Slot Usage (%) 81 | . 99 100 98 100 90 88 87 90 89 84 84 74 80 84 86 87 88 76 64 71 77 78 70 67 76 Engine 2 | . 14 14 10 11 11 11 8 9 . . . . . . . . . . . . . . . . . Core 1 | . . . . . . . . . 5 7 7 7 1 . . . . . . . . . . . . Reactor 3 | . . . . . . . . . . . . . 5 7 13 11 11 6 5 4 5 5 4 4 4 Treads 7 | . 28 28 32 33 33 33 27 27 . . . 14 2 . . . . . . . . . . . . Leg 6 | . . . . . . . . . . . . . 5 23 20 17 17 17 13 16 14 15 14 14 13 Wheel 1 | . . . . . . . . . 1 23 23 7 2 . . . . . . . . . . . . Hover 4 | . . . . . . . . . 15 . . . 11 . . . . . . . . . . . . Device 11 | . . . . . . . . . 6 6 7 5 15 7 6 10 11 13 14 16 21 26 18 15 24 Storage 13 | . 28 28 31 33 24 22 18 18 1 15 15 15 9 23 20 17 17 19 14 15 15 13 13 14 12 Processor 1 | . . . . . . . . . 2 . . . 4 . . . . . . . . . . . . Hackware 7 | . . . . . . . . . 38 15 15 11 5 . . . . . . . . . . . 1 Protection 5 | . . . . . . . 16 18 . . . 1 4 7 13 17 17 5 4 4 9 6 8 9 10 Energy Gun 2 | . 14 14 1 . . . 1 9 2 7 7 2 6 . . . . . . . . . . . . Energy Cannon 4 | . 3 14 2 . . . . . . . . . 2 15 13 11 11 9 9 9 10 9 6 8 7 Ballistic Gun 3 | . 9 . 18 21 22 22 15 9 . . . . . . . . . . . . . . . . . Slashing Weapon 2 | . . . . . . . . . 6 7 7 6 . . . . . . . . . . 1 . . Naked Turns . | . . . . . . . . . . . . . . . . . . . . . . . . . . Heaviest Build 321 | 16 74 74 109 107 125 125 141 134 203 203 172 206 206 206 217 223 223 223 238 238 321 256 257 284 284 Greatest Support 120 | 40 40 40 60 60 60 60 62 62 62 30 30 62 94 84 84 84 84 84 100 100 100 100 110 90 120 Greatest Overweight (x) 8 | . 1 1 2 1 2 2 2 2 6 6 5 5 8 2 2 2 2 2 2 4 3 4 2 3 3 Average Overweight (x) 1 | . . 1 1 1 1 2 1 2 . 5 5 2 . 2 2 2 2 1 1 1 2 2 1 2 1 Largest Inventory Capacity 64 | 8 20 20 28 28 32 32 52 32 52 52 44 52 52 44 44 44 44 64 50 44 64 64 50 44 44 Average Capacity 29 | 5 18 20 27 28 30 32 32 32 7 44 44 41 22 44 44 44 44 47 37 38 44 39 36 44 28 Most Carried 52 | 4 19 18 28 27 32 32 32 32 36 44 44 52 52 44 43 44 44 44 44 44 44 44 44 44 43 Average Carried 25 | 2 12 18 26 23 28 31 31 32 5 41 43 39 14 44 42 43 43 36 28 35 42 36 29 39 20 Final Capacity 52 | 8 20 20 28 28 32 32 32 32 52 44 44 52 44 44 44 44 44 50 44 44 44 44 44 44 4 Final Carried 52 | 4 18 18 27 26 32 32 32 32 36 44 44 52 44 44 43 44 44 42 44 44 38 44 42 39 4 Class Distribution -------------------- 40% | Hauler-Mutant 23% | Commander-Mutant 18% | Hauler-Golem 10% | Wizard-Mutant Dominant Class ---------------- Hauler-Mutant | -10/Materials Hauler-Mutant | -10/Mines Hauler-Mutant | -9/Materials Hauler-Mutant | -9/Mines Hauler-Mutant | -9/Exiles Hauler-Mutant | -8/Mines Hauler-Mutant | -8/Materials Hauler-Mutant | -8/Garrison Wizard-Mutant | -7/Factory Commander-Mutant | -7/Lower Caves Commander-Mutant | -7/Lower Caves Commander-Mutant | -7/Zion Commander-Mutant | -7/Deep Caves Hauler-Mutant | -6/Proximity Caves Hauler-Mutant | -6/Factory Hauler-Mutant | -5/Factory Hauler-Mutant | -5/Upper Caves Hauler-Golem | -5/Upper Caves Hauler-Golem | -5/Zhirov Hauler-Golem | -4/Proximity Caves Hauler-Golem | -4/Factory Hauler-Golem | -4/Armory Hauler-Mutant | -4/Lab Hauler-Mutant | -3/Research Hauler-Golem | -3/Testing Resources | -11 -10 -10 -9 -9 -9 -8 -8 -8 -7 -7 -7 -7 -7 -6 -6 -5 -5 -5 -5 -4 -4 -4 -4 -3 -3 ----------- Run | Scr Mat Min Mat Min Exi Min Mat Gar Fac Low Low Zio Dee Pro Fac Fac Upp Upp Zhi Pro Fac Arm Lab Res Tes Matter Collected 11549 | 270 231 . 1071 201 122 10 956 80 648 10 . 1082 2983 . 20 30 20 115 80 160 217 202 1351 1342 348 Remotely . | . . . . . . . . . . . . . . . . . . . . . . . . . . Salvage Created 18775 | 97 899 . 1689 192 . . 1298 302 573 . . . 2289 295 807 238 377 645 . 782 2216 1010 . 1148 3918 Parts 798 | 5 58 . 99 7 . . 88 20 35 . . . 36 8 34 9 12 25 . 36 94 63 . 33 136 Haulers Intercepted 11 | . 2 . 5 . . . 3 . 1 . . . . . . . . . . . . . . . . Recyclers Shooed 11 | . 5 . . . . . 2 . . . . . . . . . . . . . . . . 3 1 Parts Field Recycled . | . . . . . . . . . . . . . . . . . . . . . . . . . . Retrieved Matter . | . . . . . . . . . . . . . . . . . . . . . . . . . . Parts Self-Destructed 105 | . . . . . . . . . . 16 . . . 21 . . 11 27 . 30 . . . . . Prevented 3 | . . . . . . . . . . . . . . . . . 3 . . . . . . . . Kills | -11 -10 -10 -9 -9 -9 -8 -8 -8 -7 -7 -7 -7 -7 -6 -6 -5 -5 -5 -5 -4 -4 -4 -4 -3 -3 ------- Run | Scr Mat Min Mat Min Exi Min Mat Gar Fac Low Low Zio Dee Pro Fac Fac Upp Upp Zhi Pro Fac Arm Lab Res Tes Combat Hostiles Destroyed 316 | . 19 . 27 23 . . 36 11 7 . . . 39 3 12 3 9 13 . 15 21 17 . 2 59 Melee 15 | . . . . . . . . . 7 . . . . . . . . 1 . . . . . . 7 Guns 82 | . 14 . 22 7 . . 24 10 . . . . 5 . . . . . . . . . . . . Cannons 161 | . 4 . 4 . . . . . . . . . 16 3 12 3 9 12 . 15 21 17 . 2 43 AOE 55 | . 1 . 1 16 . . 12 1 . . . . 15 . . . . . . . . . . . 9 Classes Destroyed 28 | 2 6 . 1 2 . . 2 1 2 . . . 3 1 . . . . . 1 . 2 . . 5 Worker 13 | . 1 . 3 . . . . . 3 . . . . . . . . . . . 2 . . 1 3 Builder 9 | . . . . . . . 1 . . . . . . . 1 . . . . . . . . 1 6 Tunneler 2 | 1 . . . . . . 1 . . . . . . . . . . . . . . . . . . Hauler 11 | . 2 . 5 . . . 3 . 1 . . . . . . . . . . . . . . . . Recycler 19 | 1 . . 3 . . . 1 . 1 . . . . . 1 . . . . . 5 . . 7 . Mechanic 1 | . . . . . . . . . . . . . . . . . . . . . . . . . 1 Operator 11 | . 1 . 2 . . . 2 . 2 . . . . . 1 2 . . . . . 1 . . . Watcher 10 | . 3 . 2 . . . . . 3 . . . . . . . . . . . 2 . . . . Swarmer 64 | . 6 . 9 1 . . 16 8 4 . . . . . 4 . 5 6 . 5 . . . . . Saboteur 4 | . . . . . . . . . . . . . . . . . . . . . . 2 . . 2 Grunt 94 | . 13 . 8 . . . 14 2 . . . . . 1 6 . 3 3 . 7 9 . . 1 27 Brawler 7 | . . . . . . . . 1 . . . . . 1 . 1 . 1 . . . . . . 3 Duelist 9 | . . . . . . . 2 . . . . . . . 1 . . . . . 1 . . . 5 Protector 2 | . . . . . . . . . . . . . . . . . . . . . . . . . 2 Researcher 2 | . . . . . . . . . . . . . . . . . . . . . . . . . 2 Sentry 21 | . . . 10 . . . 4 . 1 . . . . . . . 1 1 . 1 2 . . 1 . Demolisher 2 | . . . . 2 . . . . . . . . . . . . . . . . . . . . . Specialist 7 | . . . . . . . . . . . . . . . . . . . . . . 4 . . 3 Hunter 14 | . . . . . . . . . 1 . . . . 1 1 . . 1 . . 2 5 . . 3 Programmer 22 | . . . . . . . . . 1 . . . . . . 2 . . . . 7 6 . . 6 Behemoth 2 | . . . . . . . . . . . . . . 1 . . . 1 . . . . . . . Tracker 3 | . . . . . . . . . . . . . . . . . . . . . . . . . 3 Combat Programmer 2 | . . . . . . . . . . . . . . . . . . . . . . . . . 2 Striker 2 | . . . . . . . . . . . . . . . . . . . . . . . . . 2 Alpha 7 1 | . . . . . . . . . . . . . . . . . . . . . . . . . 1 Z-Technician 5 | . . . . . . . . . . . . . 5 . . . . . . . . . . . . Z-Light 5 | . . . . . . . . . . . . . 5 . . . . . . . . . . . . Master Thief 2 | . . . . . . . . . . . . . . . . . . . . 2 . . . . . Assembler 1 | . . . . . . . . . . . . . 1 . . . . . . . . . . . . Assembled 35 | . . . . 20 . . . . . . . . 15 . . . . . . . . . . . . Golem 19 | . . . . . . . . . . . . . 19 . . . . . . . . . . . . Best Kill Streak 19 | 2 7 . 4 19 . . 6 7 2 . . . 14 3 6 2 5 5 . 5 6 5 . 3 9 Combat Bots Only 19 | . 5 . 4 19 . . 5 7 2 . . . 14 3 4 2 5 5 . 5 4 5 . 1 7 Max Kills in Single Turn 7 | 1 1 . 1 7 . . 4 2 1 . . . 7 1 2 1 1 1 . 1 2 2 . 2 2 Gunslinging 1 | . . . . . . . 1 1 . . . . . . . . . . . . . . . . . Exploded 7 | . 1 . 1 7 . . 4 1 . . . . 7 . . . . . . . . . . . 1 Melee 1 | . . . . . . . . . 1 . . . . . . . . 1 . . . . . . 1 Uniques/NPCs Destroyed 2 | . . . . . . . . . . . . . 1 . . . . . . . . . 1 . . Z-Imprinter (-7/Deep Caves) A5 (-4/Lab) Combat | -11 -10 -10 -9 -9 -9 -8 -8 -8 -7 -7 -7 -7 -7 -6 -6 -5 -5 -5 -5 -4 -4 -4 -4 -3 -3 -------- Run | Scr Mat Min Mat Min Exi Min Mat Gar Fac Low Low Zio Dee Pro Fac Fac Upp Upp Zhi Pro Fac Arm Lab Res Tes Damage Taken 25533 | . 769 . 1601 1646 . . 1334 314 913 20 43 . 439 119 647 129 591 2373 . 1171 2620 1288 43 284 9189 Core 3432 | . 124 . 173 191 . . 113 23 400 . . . 94 . 31 . 19 292 . 120 265 86 . 42 1459 Absorbed by Shields 2654 | . . . . . . . . . . . . . . . . 47 228 268 . . 713 343 45 . 1010 Core Remaining (%) 60 | 100 . 50 . . . 9 . 75 . . . . . 29 96 . . . . 56 . . 69 . . Volleys Fired 1029 | 5 70 . 119 25 . . 96 16 9 . 1 . 127 10 28 22 23 51 . 38 84 58 49 24 174 Largest 2 | 2 2 . 2 2 . . 2 2 1 . 1 . 2 2 2 2 2 2 . 2 2 2 2 2 2 Hottest 200 | 80 100 . 126 46 . . 73 73 20 . 40 . 146 50 50 50 50 60 . 50 50 50 50 50 200 Shots Fired 1698 | 10 140 . 234 46 . . 169 30 9 . 1 . 148 19 55 36 41 75 . 76 132 95 52 43 287 Gun 597 | 10 130 . 201 42 . . 145 30 . . 1 . 32 . . . . 6 . . . . . . . Cannon 1062 | . 10 . 32 . . . . . . . . . 116 19 55 36 41 69 . 76 132 94 52 43 287 Launcher 14 | . . . 1 4 . . 9 . . . . . . . . . . . . . . . . . . Special 25 | . . . . . . . 15 . 9 . . . . . . . . . . . . 1 . . . Kinetic 420 | . 52 . 177 42 . . 134 15 . . . . . . . . . . . . . . . . . Thermal 1132 | 5 26 . 37 . . . 15 . 9 . 1 . 135 19 55 36 41 69 . 76 132 94 52 43 287 Explosive 14 | . . . 1 4 . . 9 . . . . . . . . . . . . . . . . . . Electromagnetic 112 | 5 62 . 19 . . . 11 15 . . . . . . . . . . . . . . . . . Phasic 19 | . . . . . . . . . . . . . 13 . . . . 6 . . . . . . . Robot Hit Streak 52 | 9 13 . 36 7 . . 14 7 5 . 6 . 50 8 9 10 11 14 . 15 17 19 1 12 52 Robot Miss Streak 5 | . 4 . 3 3 . . 3 2 2 . . . 3 2 3 2 4 5 . 3 2 2 4 3 4 Penetration Max . | . . . . . . . . . . . . . . . . . . . . . . . . . . Secondary Targets 15 | . 1 . 2 2 . . 4 5 . . . . 1 . . . . . . . . . . . . Max Gunslinging Chain 1 | . 1 . 1 1 . . 1 1 . . . . 1 . . . . . . . . . . . . Capacitor 32 | . . . . . . . . . . . . . . . . . . . . . . . . . 32 Shots Hit Robots 1256 | 9 99 . 174 28 . . 123 23 43 1 1 . 117 13 37 21 27 56 . 49 105 62 1 28 239 Core Hits 676 | 3 35 . 63 43 . . 82 15 20 . . . 120 4 19 6 12 18 . 24 44 27 . 15 126 Critical Hits 19 | . . . 5 . . . 2 1 2 . . . . . . . . . . . . . . . 9 Critical Kills 11 | . . . 4 . . . 1 1 1 . . . . . . . . . . . . . . . 4 Critical Parts Destroyed 6 | . . . 1 . . . 1 . 1 . . . . . . . . . . . . . . . 3 Melee Attacks 386 | . . . . . . . 8 . 143 2 2 17 12 . . . . 6 . . . . 165 . 31 Impact . | . . . . . . . . . . . . . . . . . . . . . . . . . . Slashing 376 | . . . . . . . 8 . 143 2 2 17 2 . . . . 6 . . . . 165 . 31 Piercing 10 | . . . . . . . . . . . . . 10 . . . . . . . . . . . . Sneak Attacks 15 | . . . . . . . 1 . 9 . . . 5 . . . . . . . . . . . . Combat Hostiles . | . . . . . . . . . . . . . . . . . . . . . . . . . . Follow-up Attacks . | . . . . . . . . . . . . . . . . . . . . . . . . . . Damage Inflicted 54167 | 109 1397 . 2446 1522 . . 3156 284 2205 34 12 . 7376 673 1559 1013 1330 2478 . 2117 5577 2906 36 1518 16419 Guns 6099 | 109 1165 . 1985 372 . . 1546 247 . . 12 . 498 . . . . 165 . . . . . . . Cannons 35656 | . 111 . 398 . . . . . . . . . 4488 673 1559 1013 1330 2072 . 2117 5489 2906 36 1518 11946 Explosions 7883 | . 121 . 63 1150 . . 1357 37 . . . . 1851 . . . . . . . . . . . 3304 Melee 4165 | . . . . . . . 96 . 2119 34 . . 539 . . . . 241 . . . . . . 1136 Ramming 130 | . . . . . . . . . 9 . . . . . . . . . . . 88 . . . 33 Kinetic 3747 | . 375 . 1632 372 . . 1310 58 . . . . . . . . . . . . . . . . . Thermal 40008 | 46 371 . 507 . . . 295 37 77 . 12 . 4722 673 1559 1013 1330 2072 . 2117 5489 2906 36 1518 15228 Explosive 2432 | . . . 63 1150 . . 1219 . . . . . . . . . . . . . . . . . . Electromagnetic 3256 | 63 651 . 244 . . . 236 189 . . . . 1851 . . . . . . . . . . . 22 Impact . | . . . . . . . . . . . . . . . . . . . . . . . . . . Slashing 3626 | . . . . . . . 96 . 2119 34 . . . . . . . 241 . . . . . . 1136 Piercing 539 | . . . . . . . . . . . . . 539 . . . . . . . . . . . . Phasic 429 | . . . . . . . . . . . . . 264 . . . . 165 . . . . . . . Highest Corruption 6 | . . . . . . . . . 1 1 1 1 . . . . . . . . 5 6 6 . 5 Average Corruption 2 | . . . . . . . . . 1 1 1 1 . . . . . . . . 3 5 3 . 4 Corruption Purged 6 | . . . . . . . . . . . . . . . . . . . . . . . 6 . . Effects 111 | . . . . . . . . . 19 4 1 1 . . . . . . . . 21 48 2 . 15 Message Errors 27 | . . . . . . . . . 11 . . . . . . . . . . . 5 9 1 . 1 Matter Fused 25 | . . . . . . . . . . . . . . . . . . . . . 2 17 . . 6 Heat Flow Errors 3 | . . . . . . . . . . . . . . . . . . . . . . 2 . . 1 Energy Discharges 18 | . . . . . . . . . 4 . 1 1 . . . . . . . . 5 4 . . 3 Parts Rejected 2 | . . . . . . . . . . . . . . . . . . . . . 2 . . . . Data Loss (minor) 15 | . . . . . . . . . 4 4 . . . . . . . . . . . 4 1 . 2 Data Loss (major) 2 | . . . . . . . . . . . . . . . . . . . . . . 2 . . . Misfires 4 | . . . . . . . . . . . . . . . . . . . . . . 4 . . . Targeting Errors 13 | . . . . . . . . . . . . . . . . . . . . . 6 5 . . 2 Weapon Failures 2 | . . . . . . . . . . . . . . . . . . . . . 1 1 . . . Overload Shots . | . . . . . . . . . . . . . . . . . . . . . . . . . . Overflow Damage 2561 | . 17 . 15 56 . . 82 . 357 4 . . 103 . 101 52 21 113 . 79 272 96 . 111 1082 Projectiles 1687 | . . . 15 . . . 17 . 2 . . . . . 101 52 21 77 . 79 272 96 . 111 844 Explosions 474 | . 17 . . 56 . . 65 . . . . . 103 . . . . . . . . . . . 233 Melee 400 | . . . . . . . . . 355 4 . . . . . . . 36 . . . . . . 5 Knockbacks . | . . . . . . . . . . . . . . . . . . . . . . . . . . Impact . | . . . . . . . . . . . . . . . . . . . . . . . . . . Kinetic . | . . . . . . . . . . . . . . . . . . . . . . . . . . Secondary . | . . . . . . . . . . . . . . . . . . . . . . . . . . Self-Inflicted Damage 567 | . 65 . 36 62 . . 186 . 4 . . . . . . . . . . . 7 . . . 207 Shots 16 | . 2 . 1 2 . . 5 . . . . . . . . . . . . . . . . . 6 Rammed 6 | . . . . . . . . . 1 . . . . . . . . . . . 3 . . . 2 Targets Rammed 12 | . . . . . . . . . 1 . . . . . . . . . . . 9 . . . 2 Kicked 6 | . . . . . . . . . . . . . . . . . . . . . 6 . . . . Crushed . | . . . . . . . . . . . . . . . . . . . . . . . . . . Highest Temperature 330 | 90 268 . 330 20 . . 258 217 9 . . . 82 . 8 20 . 7 . . . 157 . . 204 Average Temperature 62 | 47 77 . 80 11 . . 50 86 9 . . . 27 . 3 11 . 3 . . . 95 . . 110 Received Heat Transfer 4256 | . 300 . 516 60 . . 360 81 181 9 . . 39 12 81 9 87 633 . 243 514 . . 6 1125 Effects 1 | . . . 1 . . . . . . . . . . . . . . . . . . . . . . Interference 1 | . . . 1 . . . . . . . . . . . . . . . . . . . . . . Siege Activations . | . . . . . . . . . . . . . . . . . . . . . . . . . . Robots Corrupted 4 | . 1 . . . . . . . . . . . 3 . . . . . . . . . . . . Combat Hostiles 3 | . . . . . . . . . . . . . 3 . . . . . . . . . . . . Parts Fried 18 | . 4 . 2 . . . 1 . . . . . 11 . . . . . . . . . . . . Impact Corruptions . | . . . . . . . . . . . . . . . . . . . . . . . . . . Robots Melted . | . . . . . . . . . . . . . . . . . . . . . . . . . . Combat Hostiles . | . . . . . . . . . . . . . . . . . . . . . . . . . . Parts Melted 28 | . . . 1 . . . . . . . . . . . 1 1 2 1 . 4 . 4 . . 14 Heat Transferred 25100 | 100 672 . 1073 . . . 718 50 259 . 37 . 2684 350 850 525 700 1125 . 1225 2800 1475 25 825 9607 Parts Sabotaged 2 | . . . . . . . . . . . . . . . . . . . . . . . . . 2 Parts Stolen 3 | . . . . . . . . . . 1 1 . . . . . . . . 1 . . . . . Parts Stripped . | . . . . . . . . . . . . . . . . . . . . . . . . . . Power Chain Reactions 6 | . 3 . . . . . 2 1 . . . . . . . . . . . . . . . . . Missiles Intercepted . | . . . . . . . . . . . . . . . . . . . . . . . . . . Alert | -11 -10 -10 -9 -9 -9 -8 -8 -8 -7 -7 -7 -7 -7 -6 -6 -5 -5 -5 -5 -4 -4 -4 -4 -3 -3 ------- Run | Scr Mat Min Mat Min Exi Min Mat Gar Fac Low Low Zio Dee Pro Fac Fac Upp Upp Zhi Pro Fac Arm Lab Res Tes Peak Influence 2392 | 10 299 116 274 49 . . 410 639 776 . . . . . 420 197 . . . . 496 409 . 1747 2392 Average Influence 327 | 2 156 116 107 28 . . 201 524 252 . . . . . 274 117 . . . . 139 217 . 684 1556 Maximum Alert Level 5 | . 1 . 1 . . . 2 2 3 . . . . . 2 . . . . . 2 2 . 5 5 Low Security (%) 6 | 100 58 100 88 100 . 100 49 . 44 . . . . . 6 100 . . . . 68 32 . 12 . Level 1 2 | . 41 . 11 . . . 47 26 45 . . . . . 88 . . . . . 20 65 . 3 . Level 2 16 | . . . . . . . 3 73 7 . . . . . 5 . . . . . 11 2 . 40 . Level 3 20 | . . . . . . . . . 2 . . . . . . . . . . . . . . 26 16 Level 4 29 | . . . . . . . . . . . . . . . . . . . . . . . . 13 41 Level 5 18 | . . . . . . . . . . . . . . . . . . . . . . . . 3 29 High Security 6 | . . . . . . . . . . . . . . . . . . . . . . . . . 12 Max Security . | . . . . . . . . . . . . . . . . . . . . . . . . . . Squads Dispatched 81 | . 3 . 1 . . . 5 . 9 . . . . . 4 4 . 1 . . 5 5 . 11 33 Investigation 6 | . 2 . . . . . 1 . 1 . . . . . 1 . . . . . . . . . 1 Extermination 20 | . . . . . . . . . 6 . . . . . . 1 . . . . 3 4 . 3 3 Reinforcement 20 | . 1 . 1 . . . 2 . 2 . . . . . 3 . . . . . 2 1 . 2 6 Assault 20 | . . . . . . . . . . . . . . . . . . 1 . . . . . 1 18 Garrison 5 | . . . . . . . 2 . . . . . . . . 3 . . . . . . . . . Intercept 10 | . . . . . . . . . . . . . . . . . . . . . . . . 5 5 Construction Impeded 5 | . . . . . . . . . . . . . . . 1 . . . . . . . . 1 3 Haulers Reinforced 3 | . . . . . . . . . . . . . . . . . . . . . 2 . . 1 . Stealth | -11 -10 -10 -9 -9 -9 -8 -8 -8 -7 -7 -7 -7 -7 -6 -6 -5 -5 -5 -5 -4 -4 -4 -4 -3 -3 --------- Run | Scr Mat Min Mat Min Exi Min Mat Gar Fac Low Low Zio Dee Pro Fac Fac Upp Upp Zhi Pro Fac Arm Lab Res Tes Distress Signals 27 | . 1 . 7 . . . 5 . 5 . . . . . . . . . . . 3 3 . 3 . Communications Jammed . | . . . . . . . . . . . . . . . . . . . . . . . . . . Distress Signals . | . . . . . . . . . . . . . . . . . . . . . . . . . . Times Spotted 694 | . 25 . 60 23 . . 79 13 94 12 2 . 59 11 16 7 9 16 . 17 44 20 1 38 148 Peak Tracking Total 37 | . 5 . 6 15 . . 8 6 5 3 2 . 37 4 4 3 5 10 . 5 13 4 1 4 35 Tactical Retreats 60 | . . . 10 . . . 5 1 25 . . . 1 2 1 . 1 4 . . 4 . . . 6 Traps | -11 -10 -10 -9 -9 -9 -8 -8 -8 -7 -7 -7 -7 -7 -6 -6 -5 -5 -5 -5 -4 -4 -4 -4 -3 -3 ------- Run | Scr Mat Min Mat Min Exi Min Mat Gar Fac Low Low Zio Dee Pro Fac Fac Upp Upp Zhi Pro Fac Arm Lab Res Tes Traps Triggered 27 | . 2 . . . . . . 5 4 . . . 12 . 1 . . . . . . 1 . . 2 Indirectly 12 | . . . . . . . . . . . . . 12 . . . . . . . . . . . . Trap Hack Attempts . | . . . . . . . . . . . . . . . . . . . . . . . . . . Triggered . | . . . . . . . . . . . . . . . . . . . . . . . . . . Disarmed . | . . . . . . . . . . . . . . . . . . . . . . . . . . Reprogrammed . | . . . . . . . . . . . . . . . . . . . . . . . . . . Reused 5 | . . . . . . . . . . . . . 5 . . . . . . . . . . . . Traps Extracted . | . . . . . . . . . . . . . . . . . . . . . . . . . . Installed 32 | . . . . . . . . . . . . . 32 . . . . . . . . . . . . Triggered 3 | . . . . . . . . . . 2 . . . . . . 1 . . . . . . . . Fabricated Traps 56 | . . . . . . . . . . . . 14 42 . . . . . . . . . . . . Machines | -11 -10 -10 -9 -9 -9 -8 -8 -8 -7 -7 -7 -7 -7 -6 -6 -5 -5 -5 -5 -4 -4 -4 -4 -3 -3 ---------- Run | Scr Mat Min Mat Min Exi Min Mat Gar Fac Low Low Zio Dee Pro Fac Fac Upp Upp Zhi Pro Fac Arm Lab Res Tes Machines Disabled 52 | . 2 . . . . . 2 1 2 . . . 3 . . 2 . 1 . . 1 4 15 2 17 Max in Single Turn 3 | . 1 . . . . . 1 1 . . . . 1 . . 1 . 1 . . 1 1 1 1 3 Garrison Access 4 | . . . . . . . . . 4 . . . . . . . . . . . . . . . . Garrison Relay 1 | . . . . . . . . 1 . . . . . . . . . . . . . . . . . Machines Sabotaged . | . . . . . . . . . . . . . . . . . . . . . . . . . . Garrisons Compromised . | . . . . . . . . . . . . . . . . . . . . . . . . . . Overloaded Fab Kills . | . . . . . . . . . . . . . . . . . . . . . . . . . . Fab Network Shutdowns 1 | . . . . . . . . . 1 . . . . . . . . . . . . . . . . Hacking | -11 -10 -10 -9 -9 -9 -8 -8 -8 -7 -7 -7 -7 -7 -6 -6 -5 -5 -5 -5 -4 -4 -4 -4 -3 -3 --------- Run | Scr Mat Min Mat Min Exi Min Mat Gar Fac Low Low Zio Dee Pro Fac Fac Upp Upp Zhi Pro Fac Arm Lab Res Tes Machines Accessed 77 | . 5 . 7 . 2 . 9 . 22 1 . 1 . . . 4 . . 9 . 2 7 2 4 2 Terminals 42 | . 5 . 6 . . . 6 . 12 . . . . . . 2 . . . . 1 5 . 3 2 Fabricators 6 | . . . . . . . . . 3 . . . . . . 1 . . . . 1 1 . . . Repair Stations 3 | . . . . . . . 1 . 1 . . . . . . 1 . . . . . . . . . Recycling Units 4 | . . . 1 . . . . . 1 . . . . . . . . . . . . 1 . 1 . Scanalyzers 2 | . . . . . . . 1 . 1 . . . . . . . . . . . . . . . . Garrison Access 5 | . . . . . . . 1 . 4 . . . . . . . . . . . . . . . . Total Hacks 297 | . 14 . 19 . 2 . 28 . 120 1 . 5 . . . 9 . . 48 . 5 16 19 7 4 Successful 223 | . 7 . 8 . 2 . 22 . 86 1 . 5 . . . 6 . . 48 . 4 11 19 2 2 Failed 74 | . 7 . 11 . . . 6 . 34 . . . . . . 3 . . . . 1 5 . 5 2 Catastrophic 4 | . . . . . . . . . 1 . . . . . . . . . . . . . . 3 . Database Lockouts . | . . . . . . . . . . . . . . . . . . . . . . . . . . Manual 131 | . 15 . 9 . 1 . 13 . 78 . . . . . . 2 . . . . 3 4 1 3 2 Terminals 157 | . 14 . 14 . . . 21 . 82 . . . . . . 4 . . . . 2 11 . 5 4 Fabricators 29 | . . . . . . . . . 21 . . . . . . 2 . . . . 3 3 . . . Repair Stations 12 | . . . . . . . 3 . 6 . . . . . . 3 . . . . . . . . . Recycling Units 10 | . . . 5 . . . . . 1 . . . . . . . . . . . . 2 . 2 . Scanalyzers 5 | . . . . . . . 3 . 2 . . . . . . . . . . . . . . . . Garrison Access 9 | . . . . . . . 1 . 8 . . . . . . . . . . . . . . . . Terminal Hacks 140 | . 5 . 4 . 2 . 12 . 33 1 . 5 . . . 1 . . 48 . 1 5 19 2 2 Record 56 | . . . . . 1 . . . . . . . . . . . . . 36 . . . 19 . . Part Schematic 12 | . 2 . . . . . 1 . . . . 5 . . . . . . 4 . . . . . . Robot Schematic 5 | . . . . . . . 2 . 3 . . . . . . . . . . . . . . . . Robot Analysis 6 | . 2 . . . . . . . . . . . . . . . . . 4 . . . . . . Prototype ID Bank 4 | . . . . . . . . . . . . . . . . . . . 4 . . . . . . Open Door 1 | . . . . . . . . . . 1 . . . . . . . . . . . . . . . Level Access Points 1 | . . . . . . . . . . . . . . . . . . . . . . . . 1 . Branch Access Points 2 | . . . . . . . . . 1 . . . . . . . . . . . 1 . . . . Terminal Index 2 | . . . . . . . 1 . 1 . . . . . . . . . . . . . . . . Fabricator Index 1 | . . . . . . . . . 1 . . . . . . . . . . . . . . . . Garrison Index 2 | . . . . . . . 1 . 1 . . . . . . . . . . . . . . . . Alert Level 5 | . . . . . . . 2 . 3 . . . . . . . . . . . . . . . . Unreport Threat 12 | . . . 2 . . . 2 . 6 . . . . . . . . . . . . 1 . . 1 Locate Traps 11 | . 1 . 2 . . . . . 3 . . . . . . 1 . . . . . 2 . 1 1 Dispatch Records 1 | . . . . . . . . . 1 . . . . . . . . . . . . . . . . Maintenance Status 1 | . . . . . . . . . 1 . . . . . . . . . . . . . . . . Patrol Status 1 | . . . . . . . . . 1 . . . . . . . . . . . . . . . . Recall Extermination 5 | . . . . . . . . . 3 . . . . . . . . . . . . 2 . . . Recall Reinforcements 4 | . . . . . . . 2 . 2 . . . . . . . . . . . . . . . . Recall Assault 1 | . . . . . . . . . 1 . . . . . . . . . . . . . . . . Zone Layout 6 | . . . . . . . 1 . 5 . . . . . . . . . . . . . . . . EX-Prototype ID Bank 1 | . . . . . 1 . . . . . . . . . . . . . . . . . . . . Fabricator Hacks 19 | . . . . . . . . . 14 . . . . . . 2 . . . . 2 1 . . . Load Schematic 5 | . . . . . . . . . 3 . . . . . . 1 . . . . 1 . . . . Build 14 | . . . . . . . . . 11 . . . . . . 1 . . . . 1 1 . . . Repair Station Hacks 10 | . . . . . . . 2 . 6 . . . . . . 2 . . . . . . . . . Scan Component 5 | . . . . . . . 1 . 3 . . . . . . 1 . . . . . . . . . Repair 5 | . . . . . . . 1 . 3 . . . . . . 1 . . . . . . . . . Recycling Unit Hacks 1 | . . . . . . . . . . . . . . . . . . . . . . 1 . . . Retrieve Components 1 | . . . . . . . . . . . . . . . . . . . . . . 1 . . . Scanalyzer 4 | . . . . . . . 2 . 2 . . . . . . . . . . . . . . . . Insert Component 2 | . . . . . . . 1 . 1 . . . . . . . . . . . . . . . . Analyze 2 | . . . . . . . 1 . 1 . . . . . . . . . . . . . . . . Garrison Access Hacks 5 | . . . . . . . 1 . 4 . . . . . . . . . . . . . . . . Unlock Access 1 | . . . . . . . 1 . . . . . . . . . . . . . . . . . . Seal Access 4 | . . . . . . . . . 4 . . . . . . . . . . . . . . . . Unauthorized Hacks 44 | . 2 . 4 . . . 5 . 27 . . . . . . 1 . . . . 1 4 . . . Terminals 33 | . 2 . 2 . . . 5 . 21 . . . . . . 1 . . . . . 2 . . . Track 10 | . . . . . . . . . 10 . . . . . . . . . . . . . . . . Assimilate 3 | . . . . . . . 2 . 1 . . . . . . . . . . . . . . . . Botnet 13 | . 1 . 1 . . . 1 . 7 . . . . . . 1 . . . . . 2 . . . Disrupt 3 | . . . . . . . 1 . 2 . . . . . . . . . . . . . . . . Operators 4 | . 1 . 1 . . . 1 . 1 . . . . . . . . . . . . . . . . Fabricators 6 | . . . . . . . . . 3 . . . . . . . . . . . 1 2 . . . Prioritize 2 | . . . . . . . . . . . . . . . . . . . . . 1 1 . . . Siphon 4 | . . . . . . . . . 3 . . . . . . . . . . . . 1 . . . Repair Stations . | . . . . . . . . . . . . . . . . . . . . . . . . . . Recycling Units 3 | . . . 2 . . . . . 1 . . . . . . . . . . . . . . . . Recyclers 1 | . . . 1 . . . . . . . . . . . . . . . . . . . . . . Mask 2 | . . . 1 . . . . . 1 . . . . . . . . . . . . . . . . Scanalyzers . | . . . . . . . . . . . . . . . . . . . . . . . . . . Garrison Access 2 | . . . . . . . . . 2 . . . . . . . . . . . . . . . . Broadcast 1 | . . . . . . . . . 1 . . . . . . . . . . . . . . . . Intercept 1 | . . . . . . . . . 1 . . . . . . . . . . . . . . . . Data Cores Recovered 3 | . . . 1 . . . . . . . . . . . . 1 . . . . . 1 . . . Used 1 | . . . 1 . . . . . . . . . . . . . . . . . . . . . . Hacking Detections 41 | . 4 . 5 . . . 4 . 11 . . . . . . 4 . . . . 2 5 . 4 2 Full Trace Events 4 | . 1 . . . . . 1 . 1 . . . . . . . . . . . . . . . 1 Feedback Events . | . . . . . . . . . . . . . . . . . . . . . . . . . . Feedback Blocked . | . . . . . . . . . . . . . . . . . . . . . . . . . . Robot Schematics Acquired 5 | . . . . . . . 2 . 3 . . . . . . . . . . . . . . . . Robots Built 14 | . . . . . . . . . 11 . . . . . . 1 . . . . . 2 . . . Matter 1799 | . . . . . . . . . 1229 . . . . . . 219 . . . . . 351 . . . Time 1121 | . . . . . . . . . 818 . . . . . . 116 . . . . . 187 . . . Total Robot Build Rating 70 | . . . . . . . . . 53 . . . . . . 3 . . . . . 14 . . . Part Schematics Acquired 13 | . 2 . . . . . 1 . 1 . . 5 . . . . . . 4 . . . . . . Parts Built 2 | . . . . . . . . . 1 . . . . . . . . . . . 1 . . . . Matter 464 | . . . . . . . . . 146 . . . . . . . . . . . 318 . . . . Time 205 | . . . . . . . . . 36 . . . . . . . . . . . 169 . . . . Total Part Build Rating 9 | . . . . . . . . . 3 . . . . . . . . . . . 6 . . . . Parts Repaired 5 | . . . . . . . 1 . 3 . . . . . . 1 . . . . . . . . . Time 263 | . . . . . . . 32 . 142 . . . . . . 89 . . . . . . . . . Parts Recycled . | . . . . . . . . . . . . . . . . . . . . . . . . . . Recycled Matter . | . . . . . . . . . . . . . . . . . . . . . . . . . . Retrieved Matter . | . . . . . . . . . . . . . . . . . . . . . . . . . . Retrieved Components . | . . . . . . . . . . . . . . . . . . . . . . . . . . Parts Scanalyzed 2 | . . . . . . . 1 . 1 . . . . . . . . . . . . . . . . Part Schematics Acquired 2 | . . . . . . . 1 . 1 . . . . . . . . . . . . . . . . Parts Damaged . | . . . . . . . . . . . . . . . . . . . . . . . . . . Bothacking | -11 -10 -10 -9 -9 -9 -8 -8 -8 -7 -7 -7 -7 -7 -6 -6 -5 -5 -5 -5 -4 -4 -4 -4 -3 -3 ------------ Run | Scr Mat Min Mat Min Exi Min Mat Gar Fac Low Low Zio Dee Pro Fac Fac Upp Upp Zhi Pro Fac Arm Lab Res Tes Used RIF Installer . | . . . . . . . . . . . . . . . . . . . . . . . . . . Robots Hacked 1 | . . . . . . . . . . . . . . . . . . . . . . 1 . . . Non-combat . | . . . . . . . . . . . . . . . . . . . . . . . . . . Combat . | . . . . . . . . . . . . . . . . . . . . . . . . . . Robot Hacks Applied . | . . . . . . . . . . . . . . . . . . . . . . . . . . Manual 1 | . . . . . . . . . . . . . . . . . . . . . . 1 . . . Relay Couplers Released 5 | . . . . . . . . 5 . . . . . . . . . . . . . . . . . Machine Destruction 5 | . . . . . . . . 5 . . . . . . . . . . . . . . . . . Robots Rewired 2 | . . . . . . . . . . . . . . . . . . 2 . . . . . . . Allies Hacked . | . . . . . . . . . . . . . . . . . . . . . . . . . . Hacks Repelled 1 | . . . . . . . . . 1 . . . . . . . . . . . . . . . . Allies | -11 -10 -10 -9 -9 -9 -8 -8 -8 -7 -7 -7 -7 -7 -6 -6 -5 -5 -5 -5 -4 -4 -4 -4 -3 -3 -------- Run | Scr Mat Min Mat Min Exi Min Mat Gar Fac Low Low Zio Dee Pro Fac Fac Upp Upp Zhi Pro Fac Arm Lab Res Tes Total Allies 89 | . . . . 3 . . 1 . 12 . . 5 . . . 1 . 2 . . . 3 22 23 17 Largest Group 21 | . . . . 3 3 . 1 . 12 12 11 15 12 9 3 1 1 2 . . . 2 21 20 6 Highest-Rated Group 1214 | . . . . 76 76 . 10 . 455 451 427 522 463 364 118 20 20 59 . . . 115 1214 1199 616 Highest-Rated Ally 243 | . . . . 31 31 . 10 . 41 41 41 41 41 41 41 20 20 30 . . . 115 243 243 181 Total Orders 107 | . . . . . . . 5 . 41 13 5 . 39 . . 1 . . . . . 3 . . . STAY 65 | . . . . . . . 3 . 22 6 3 . 31 . . . . . . . . . . . . FOLLOW 33 | . . . . . . . 2 . 14 6 2 . 8 . . . . . . . . 1 . . . AID 7 | . . . . . . . . . 5 1 . . . . . 1 . . . . . . . . . EXPLORE 1 | . . . . . . . . . . . . . . . . . . . . . . 1 . . . RETURN 1 | . . . . . . . . . . . . . . . . . . . . . . 1 . . . Ally Attacks 705 | . . . . . . . . . 49 65 37 . 84 32 4 . . 4 . . . 19 13 308 90 Total Damage 27171 | . . . . . . . . . 1953 1787 739 . 2465 1108 175 . . 60 . . . 813 849 14311 2911 Kills 166 | . . . . . . . . . 17 12 1 . 31 8 1 . . 1 . . . 8 1 73 13 Allies Corrupted 8 | . . . . . . . . . . . . . . . . . . 2 . . . 1 1 3 1 Allies Melted . | . . . . . . . . . . . . . . . . . . . . . . . . . . Fabricated Assembled 40 | . . . . . . . . . . . . . . . . . . . . . . . 17 22 1 Intel | -11 -10 -10 -9 -9 -9 -8 -8 -8 -7 -7 -7 -7 -7 -6 -6 -5 -5 -5 -5 -4 -4 -4 -4 -3 -3 ------- Run | Scr Mat Min Mat Min Exi Min Mat Gar Fac Low Low Zio Dee Pro Fac Fac Upp Upp Zhi Pro Fac Arm Lab Res Tes Robot Analysis Total 6 | . 2 . . . . . . . . . . . . . . . . . 4 . . . . . . Derelict Logs Recovered 11 | . . . . 1 . . . . . 3 . 1 . 2 . . . 3 . 1 . . . . . Drone Launches 2 | . . . . . . . . . . . . . . . . . . . . . . 2 . . . Drone Recoveries . | . . . . . . . . . . . . . . . . . . . . . . . . . . Exploration | -11 -10 -10 -9 -9 -9 -8 -8 -8 -7 -7 -7 -7 -7 -6 -6 -5 -5 -5 -5 -4 -4 -4 -4 -3 -3 ------------- Run | Scr Mat Min Mat Min Exi Min Mat Gar Fac Low Low Zio Dee Pro Fac Fac Upp Upp Zhi Pro Fac Arm Lab Res Tes Turns Passed 56609 | 120 1141 41 3008 676 1115 840 3408 647 8458 953 332 4070 9205 340 644 883 676 930 1150 2187 1181 1674 9494 1453 1983 Spaces Moved 31659 | 65 489 20 1292 310 534 404 1408 289 10263 659 225 2351 7421 147 266 314 288 285 284 671 415 515 1514 522 708 Core 257 | 11 . . . . . . . . 164 . . . . . . . . . . . . . . . 82 Treads 6102 | 54 489 20 1292 310 534 404 1408 289 13 . . 926 363 . . . . . . . . . . . . Legs 6425 | . . . . . . . . . . . . . 578 147 266 314 288 285 284 671 415 515 1514 522 626 Wheels 3147 | . . . . . . . . . 416 659 225 1027 820 . . . . . . . . . . . . Hover 11525 | . . . . . . . . . 6254 . . . 5271 . . . . . . . . . . . . Flight 4203 | . . . . . . . . . 3416 . . 398 389 . . . . . . . . . . . . Fastest Speed 34 | 50 160 180 180 190 170 206 175 195 34 130 130 37 37 202 202 202 202 169 140 163 186 163 135 186 50 Average Speed 112 | 141 177 180 181 190 202 206 201 195 47 130 130 145 82 202 202 202 202 196 190 185 186 188 175 205 145 Slowest Speed 240 | 160 180 180 200 190 210 206 206 195 195 140 130 233 233 202 202 202 202 202 202 240 209 235 186 209 209 Overloaded Moves . | . . . . . . . . . . . . . . . . . . . . . . . . . . Propulsion Burnouts . | . . . . . . . . . . . . . . . . . . . . . . . . . . Robots Hopped 29 | . . . . . . . . . 24 . . . . . . . . . . . . . 2 2 1 Cave-ins Triggered . | . . . . . . . . . . . . . . . . . . . . . . . . . . Teleports 2 | . . . . . . . . . . . . . . . . . . . . . . . . . 2 Exploration Rate (%) 53 | 4 77 8 87 70 79 94 59 55 72 74 26 87 89 31 12 14 50 36 62 76 17 40 99 15 65 Regions Visited 25 Branch Regions 16 Pre-discovered Areas 8 | . . . . 2 1 . . . . . . 2 . . . . . . 3 . . . . . . Known Exits Taken 7 | . . . . . . . 1 . 1 . . . . 1 1 1 . . . . 1 . 1 . . Unknown Exits Taken 17 | 1 1 1 1 1 1 1 . . . 1 1 1 1 . . . 1 1 1 1 . 1 . 1 . Scrap Searched 12 | . . . . 1 . 1 . . . 2 . 2 . . . . 2 1 . 3 . . . . . Spaces Dug 139 | . . . . . . . 7 . 89 . . 5 8 . 1 8 . . . . . 4 12 . 5 Terrain Destroyed 768 | . 13 . 10 40 . . 106 2 89 . . 5 102 4 20 12 13 24 . 27 15 25 12 8 241 Melee 124 | . . . . . . . 7 . 89 . . 5 6 . . . . . . . . . 12 . 5 Projectile 192 | . . . . . . . . . . . . . 9 4 20 12 13 24 . 27 15 25 . 8 35 AOE 452 | . 13 . 10 40 . . 99 2 . . . . 87 . . . . . . . . . . . 201 Actions | -11 -10 -10 -9 -9 -9 -8 -8 -8 -7 -7 -7 -7 -7 -6 -6 -5 -5 -5 -5 -4 -4 -4 -4 -3 -3 --------- Run | Scr Mat Min Mat Min Exi Min Mat Gar Fac Low Low Zio Dee Pro Fac Fac Upp Upp Zhi Pro Fac Arm Lab Res Tes Total 50708 | 80 619 25 1789 359 574 413 1812 348 13586 750 263 3004 10422 172 318 527 342 578 909 1556 685 1152 8182 869 1374 Wait 15732 | . 36 6 251 15 5 5 227 36 3044 76 31 521 2273 16 22 185 27 202 555 772 130 487 6238 254 318 Move 31576 | 64 488 19 1291 309 533 403 1407 286 10215 658 224 2350 7420 146 265 313 287 284 283 670 414 514 1510 517 706 Hop 27 | . . . . . . . . . 23 . . . . . . . . . . . . . 1 2 1 Pick Up 653 | 4 16 . 47 4 23 3 15 . 49 11 3 65 195 . 1 3 2 6 24 29 10 37 66 11 29 Fast Attach 188 | 7 . . 6 . 1 . 8 . 24 . . 10 54 . . 2 . 3 8 3 5 1 23 5 28 Attach 134 | . 5 . 8 5 2 . 10 . 21 . . 5 10 . 2 1 2 8 . 1 7 7 5 15 20 Detach 55 | . . . . . . . . . 3 . . 4 11 . . . . 2 . . 1 2 15 13 4 Swap 92 | . 4 . 20 1 . . 22 . 9 1 . . 7 . . . . 1 1 . 9 2 5 6 4 Drop 768 | . . . 47 . 10 2 19 . 45 2 2 32 276 . . 1 . 10 38 43 16 43 105 22 55 Fire 1029 | 5 70 . 119 25 . . 96 16 9 . 1 . 127 10 28 22 23 51 . 38 84 58 49 24 174 Melee 386 | . . . . . . . 8 . 143 2 2 17 12 . . . . 6 . . . . 165 . 31 Ram 1 | . . . . . . . . . 1 . . . . . . . . . . . . . . . . Kick 11 | . . . . . . . . . . . . . . . . . . . . . 9 . . . 2 Crush . | . . . . . . . . . . . . . . . . . . . . . . . . . . Escape Stasis 10 | . . . . . . . . 10 . . . . . . . . . . . . . . . . . Rewire 13 | . . . . . . . . . . . . . 5 . . . 1 5 . . . . . . 2 Trap 32 | . . . . . . . . . . . . . 32 . . . . . . . . . . . . Miscellaneous 1 | . . . . . . . . . . . . . . . . . . . . . . 1 . . . Route ------- -11/Scrapyard -10/Materials (discovered 3 exits: *Mat / [*Min x2]) -10/Mines -9/Materials (discovered 4 exits: *Mat x3 / [*Min]) -9/Mines (discovered 3 exits: *Mat x2 / *Exi) -9/Exiles -8/Mines -8/Materials (discovered 3 exits: *Fac x2 / Gar) -8/Garrison (discovered 3 exits: *Fac x3) -7/Factory (discovered 6 exits: *Fac x2 / *Sto x2 / *Low x2) -7/Lower Caves -7/Lower Caves -7/Zion (discovered 2 exits: [*Dee] / [*Pro]) -7/Deep Caves -6/Proximity Caves -6/Factory (discovered 4 exits: *Fac x3 / Low) -5/Factory -5/Upper Caves -5/Upper Caves -5/Zhirov -4/Proximity Caves -4/Factory (discovered 4 exits: Res / Upp x2 / *Arm) -4/Armory (discovered 2 exits: *Res / *Lab) -4/Lab -3/Research (discovered 4 exits: Res x3 / *Tes) -3/Testing History --------- Turn | Location | Event 8 | -11/Scrapyard | Discovered new exit (range 16) 121 | -11/Scrapyard | Entered Materials 383 | -10/Materials | Discovered new exit (range 8) 553 | -10/Materials | Build established: Hauler-Mutant 585 | -10/Materials | Discovered new exit (range 8) 1109 | -10/Materials | Discovered new exit (range 14) 1262 | -10/Materials | Entered Mines 1295 | -10/Mines | Discovered new exit (range 5) 1303 | -10/Mines | Entered Materials 1303 | -9/Materials | Evolved 2 slots: Propulsion x1, Utility x1 1874 | -9/Materials | Discovered new exit (range 8) 2354 | -9/Materials | Discovered new exit (range 13) 3678 | -9/Materials | Discovered new exit (range 4) 4012 | -9/Materials | Discovered new exit (range 12) 4311 | -9/Materials | Entered Mines 4312 | -9/Mines | Assembled infested the area 4359 | -9/Mines | Destroyed 19 combat bots 4399 | -9/Mines | Core integrity fell below 50% 4424 | -9/Mines | Core integrity fell below 20% 4448 | -9/Mines | Lost 3 parts (1n2w) 4601 | -9/Mines | Discovered new exit (range 14) 4764 | -9/Mines | Learned location of Storage (-7) 4775 | -9/Mines | Escorted by a lone wolf Derelict 4922 | -9/Mines | Discovered new exit (range 8) 4972 | -9/Mines | Deemed a non-threat by the Exiles lab entrance 4974 | -9/Mines | Discovered new exit (range 5) 4987 | -9/Mines | Entered Exiles 4987 | -9/Exiles | Accompanied by 3 allies 5017 | -9/Exiles | Led the pair of lost Derelicts to a safe place 5038 | -9/Exiles | Met 8R-AWN 5072 | -9/Exiles | Met EX-HEX 5125 | -9/Exiles | Met EX-BIN 5229 | -9/Exiles | Met EX-DEC 5402 | -9/Exiles | Visited The Gauntlet 5546 | -9/Exiles | Learned location of Zion (-7) 5819 | -9/Exiles | Aligned with FarCom system 5821 | -9/Exiles | Given EX-Vault access code 5871 | -9/Exiles | Opened EX-Vault 5888 | -9/Exiles | Found Lightpack 2.0 5892 | -9/Exiles | Found Field Lobotomy Kit 5902 | -9/Exiles | Found Longsword +1 5948 | -9/Exiles | Warned to stay clear of 0b10 Research branches 6084 | -9/Exiles | Discovered new exit (range 10) 6102 | -9/Exiles | Stole three prototypes: Lightpack 2.0, Field Lobotomy Kit, Longsword +1 6102 | -9/Exiles | Entered Mines 6925 | -8/Mines | Discovered new exit (range 9) 6942 | -8/Mines | Entered Materials 6942 | -8/Materials | Evolved 2 slots: Utility x2 8365 | -8/Materials | Discovered new exit (range 13) 8922 | -8/Materials | Discovered new exit (range 11) 9946 | -8/Materials | Repaired Autogun 10195 | -8/Materials | Garrison activated, responded to threat 10338 | -8/Materials | Identified exit to Garrison 10350 | -8/Materials | Entered Garrison 10418 | -8/Garrison | Triggered checkpoint 10449 | -8/Garrison | Garrison Relay disabled 10605 | -8/Garrison | Destroyed 7 combat bots 10610 | -8/Garrison | Triggered checkpoint 10677 | -8/Garrison | Discovered new exit (range 12) 10698 | -8/Garrison | Attempted to access garrison exit controls, blocked by remote lockdown 10770 | -8/Garrison | Triggered checkpoint 10830 | -8/Garrison | Discovered new exit (range 8) 10844 | -8/Garrison | Attempted to access garrison exit controls, blocked by remote lockdown 10924 | -8/Garrison | Triggered checkpoint 10979 | -8/Garrison | Discovered new exit (range 10) 10997 | -8/Garrison | Entered Factory 10997 | -7/Factory | Evolved 2 slots: Utility x2 10999 | -7/Factory | FarCom data flow suspended 11236 | -7/Factory | Discovered new exit (range 13) 11308 | -7/Factory | Build established: Wizard-Mutant 11312 | -7/Factory | Identified exit to Storage 11312 | -7/Factory | Identified exit to Lower Caves 11501 | -7/Factory | Fabricated M-28 Smith? 12034 | -7/Factory | Repaired Cesium-ion Thruster? 12199 | -7/Factory | Discovered new exit (range 14) 12594 | -7/Factory | Fabricated H-66 Slayer? 12705 | -7/Factory | Assembled infested ambush trap array 12856 | -7/Factory | Lost 4 parts (1n3u) 13060 | -7/Factory | Build established: Hacker-Mutant 13822 | -7/Factory | Build established: Hacker-Scout 13919 | -7/Factory | Discovered new exit (range 8) 13970 | -7/Factory | Fabricated System Shield (x1) 14611 | -7/Factory | Fabricated H-66 Slayer (x2) 14762 | -7/Factory | Build established: Wizard-Mutant 14803 | -7/Factory | Core integrity fell below 50% 15074 | -7/Factory | Fabricated H-66 Slayer? 16100 | -7/Factory | Fabricated H-66 Slayer? 16642 | -7/Factory | Repaired Mic. Nuclear Core 16719 | -7/Factory | Repaired Aerolev Unit 18468 | -7/Factory | Local fabrication network quarantined 18599 | -7/Factory | Fabricated H-66 Slayer (x2) 19127 | -7/Factory | Build established: Commander-Mutant 19455 | -7/Factory | Entered Lower Caves 19455 | -7/Lower Caves | Accompanied by 12 allies 19576 | -7/Lower Caves | Spotted P2-GID(f) 19577 | -7/Lower Caves | Encountered a Master Thief 19577 | -7/Lower Caves | Allies destroyed P2-GID(f) 19579 | -7/Lower Caves | Spotted 3I-UBY(f) 19580 | -7/Lower Caves | Encountered a Master Thief 19681 | -7/Lower Caves | Spotted HD-87E(f) 19682 | -7/Lower Caves | Encountered a Master Thief 19683 | -7/Lower Caves | Lightpack 2.0 stolen by Master Thief 19685 | -7/Lower Caves | Spotted JA-FZE(f) 19785 | -7/Lower Caves | Learned Factory emergency access door positions 19936 | -7/Lower Caves | Learned 4 Factory zone layouts 20051 | -7/Lower Caves | Encountered a Warlord checkpoint 20052 | -7/Lower Caves | Learned 4 Factory zone layouts 20335 | -7/Lower Caves | Discovered new exit (range 15) 20408 | -7/Lower Caves | Entered another Lower Caves area 20408 | -7/Lower Caves | Accompanied by 11 allies 20518 | -7/Lower Caves | Spotted ID-NDR(f) 20518 | -7/Lower Caves | Spotted 9R-TRX(f) 20519 | -7/Lower Caves | Encountered a Master Thief 20519 | -7/Lower Caves | Encountered a Master Thief 20522 | -7/Lower Caves | Allies destroyed ID-NDR(f) 20551 | -7/Lower Caves | Field Lobotomy Kit stolen by Master Thief 20686 | -7/Lower Caves | Discovered new exit (range 3) 20740 | -7/Lower Caves | Entered Zion 20740 | -7/Zion | Accompanied by 10 allies 20862 | -7/Zion | Discovered new exit (range 10) 20946 | -7/Zion | System corruption cleaned by Quarantine Array 21469 | -7/Zion | Learned location of Warlord (-4) 21620 | -7/Zion | Gained Derelict followers 21657 | -7/Zion | Given A8's code to call for help 22132 | -7/Zion | Discovered new exit (range 3) 22147 | -7/Zion | Saw the warning signs outside the Deep Caves entrance 22225 | -7/Zion | Found Prototype Device 23101 | -7/Zion | Found Prototype Device 23101 | -7/Zion | Identified Mobile Refinery Mk. CCLXVII 23280 | -7/Zion | Identified Bomb Factory No. 2 24133 | -7/Zion | Build established: Hauler-Mutant 24810 | -7/Zion | Entered Deep Caves 24810 | -7/Deep Caves | Accompanied by 12 allies 25870 | -7/Deep Caves | Build established: Commander-Mutant 25926 | -7/Deep Caves | Found Prototype Protection 25926 | -7/Deep Caves | Identified Zio. Weapon Casing 25935 | -7/Deep Caves | Found Zio. Weapon Casing 26699 | -7/Deep Caves | Z-Facility disabled 26782 | -7/Deep Caves | Build established: Scavenger-Mutant 26963 | -7/Deep Caves | Found Zio. Weapon Casing 26970 | -7/Deep Caves | Found Zio. Weapon Casing 26987 | -7/Deep Caves | Found Zio. Weapon Casing 27087 | -7/Deep Caves | Found Zio. Weapon Casing 27089 | -7/Deep Caves | Build established: Commander-Mutant 27092 | -7/Deep Caves | Found Prototype Protection 27096 | -7/Deep Caves | Found Zio. Weapon Casing 27103 | -7/Deep Caves | Found Zio. Weapon Casing 27781 | -7/Deep Caves | Discovered new exit (range 7) 28182 | -7/Deep Caves | Identified Zio. Heavy Carapace 28277 | -7/Deep Caves | Spotted as-09376 28312 | -7/Deep Caves | Destroyed as-09376 30406 | -7/Deep Caves | Spotted as-30769 30456 | -7/Deep Caves | Destroyed as-30769 31071 | -7/Deep Caves | Triggered Deep Caves wall 31134 | -7/Deep Caves | Destroyed 14 combat bots 31152 | -7/Deep Caves | Spotted AS-56440 31152 | -7/Deep Caves | Spotted AS-67065 31154 | -7/Deep Caves | Triggered Deep Caves wall 31163 | -7/Deep Caves | Allies destroyed AS-67065 31166 | -7/Deep Caves | Destroyed AS-56440 31897 | -7/Deep Caves | Exposed GOLEM chamber 31900 | -7/Deep Caves | Found GOLEM Unit 32841 | -7/Deep Caves | Found Lightpack 2.0 32987 | -7/Deep Caves | Found Mobile Assembly Unit 33018 | -7/Deep Caves | Found GOLEM Unit 33078 | -7/Deep Caves | Found GOLEM Unit 33083 | -7/Deep Caves | Found GOLEM Unit 33095 | -7/Deep Caves | Found GOLEM Unit 33158 | -7/Deep Caves | Found GOLEM Unit 33171 | -7/Deep Caves | Found GOLEM Unit 33176 | -7/Deep Caves | Found GOLEM Unit 33211 | -7/Deep Caves | Found GOLEM Unit 33255 | -7/Deep Caves | Found GOLEM Unit 33390 | -7/Deep Caves | Found GOLEM Unit 33680 | -7/Deep Caves | Found GOLEM Unit 33777 | -7/Deep Caves | Found GOLEM Unit 34015 | -7/Deep Caves | Entered Proximity Caves 34015 | -6/Proximity Caves | Accompanied by 9 allies 34016 | -6/Proximity Caves | Identified exit to Factory 34048 | -6/Proximity Caves | Learned 8 Factory zone layouts 34293 | -6/Proximity Caves | Spotted B-75 Beast 34298 | -6/Proximity Caves | Destroyed B-75 Beast 34355 | -6/Proximity Caves | Entered Factory 34355 | -6/Factory | Accompanied by 3 allies 34355 | -6/Factory | Evolved 2 slots: Power x1, Utility x1 34356 | -6/Factory | Identified exit to Lower Caves 34356 | -6/Factory | Identified exit to Factory 34491 | -6/Factory | Build established: Hauler-Mutant 34999 | -6/Factory | Entered another Factory area 34999 | -5/Factory | Evolved 2 slots: Utility x2 35000 | -5/Factory | Identified exit to Upper Caves 35057 | -5/Factory | Found Powered Armor 35060 | -5/Factory | Found Powered Armor 35287 | -5/Factory | Repaired Exp. Heat Sink 35583 | -5/Factory | Garrison activated, responded to threat 35620 | -5/Factory | Spotted B-75 Beast 35838 | -5/Factory | Fabricated M-28 Smith (x1) 35882 | -5/Factory | Entered Upper Caves 35882 | -5/Upper Caves | Accompanied by 1 ally 36073 | -5/Upper Caves | Attracted the attention of an 0b10 checkpoint 36476 | -5/Upper Caves | Discovered new exit (range 12) 36558 | -5/Upper Caves | Entered another Upper Caves area 36671 | -5/Upper Caves | Spotted B-75 Beast 36699 | -5/Upper Caves | Destroyed B-75 Beast 36750 | -5/Upper Caves | Attracted the attention of an 0b10 outpost 36881 | -5/Upper Caves | Lost 6 parts (1p4u1w) 37125 | -5/Upper Caves | Learned Factory garrison access intel 37196 | -5/Upper Caves | Build established: Hauler-Golem 37345 | -5/Upper Caves | Discovered new exit (range 15) 37474 | -5/Upper Caves | Learned location of 1 exit from Factory 37478 | -5/Upper Caves | Learned Factory garrison access intel 37488 | -5/Upper Caves | Entered Zhirov 37488 | -5/Zhirov | Discovered new exit (range 3) 37525 | -5/Zhirov | Met Zhirov 37596 | -5/Zhirov | Learned location of Quarantine (-2) 37596 | -5/Zhirov | Learned location of Testing (-3) 37596 | -5/Zhirov | Learned location of Command (-1) 37608 | -5/Zhirov | Zhirov requested help retrieving the SGEMP Prototype 37649 | -5/Zhirov | Found Alien Artifact 37649 | -5/Zhirov | Identified Integrated Reactor 37649 | -5/Zhirov | Installed Integrated Reactor, increased core energy generation (+2%) 38507 | -5/Zhirov | Found Alien Artifact 38638 | -5/Zhirov | Entered Proximity Caves 38776 | -4/Proximity Caves | Learned Research trap positions 38900 | -4/Proximity Caves | Attracted the attention of an 0b10 checkpoint 39334 | -4/Proximity Caves | Received a Behemoth hack from an annoying Tinkerer 39450 | -4/Proximity Caves | Spotted UI-YX0(f) 39451 | -4/Proximity Caves | Encountered a Master Thief 39454 | -4/Proximity Caves | Spotted G7-BGW(f) 39455 | -4/Proximity Caves | Encountered a Master Thief 39455 | -4/Proximity Caves | Lightpack 2.0 stolen by Master Thief 39466 | -4/Proximity Caves | Destroyed UI-YX0(f) 39786 | -4/Proximity Caves | Spotted 57-6T4(f) 39787 | -4/Proximity Caves | Encountered a Master Thief 39802 | -4/Proximity Caves | Destroyed 57-6T4(f) 40801 | -4/Proximity Caves | Discovered new exit (range 14) 40825 | -4/Proximity Caves | Entered Factory 40825 | -4/Factory | Evolved 2 slots: Utility x2 40826 | -4/Factory | Identified exit to Research 40827 | -4/Factory | Loaded intel: 2 garrison access locations 41290 | -4/Factory | Fabricated Exp. Heat Sink (x1) 41503 | -4/Factory | Identified exit to Upper Caves 41503 | -4/Factory | Identified exit to Armory 42006 | -4/Factory | Entered Armory 43087 | -4/Armory | Fabricated H-77 Assassin? 43583 | -4/Armory | Spotted B-86 Titan 43629 | -4/Armory | Befriended a Behemoth using the annoying Tinkerer's hack 43655 | -4/Armory | Discovered new exit (range 5) 43663 | -4/Armory | Discovered exit to Research (range 18) 43680 | -4/Armory | Entered Lab 44293 | -4/Lab | Discovered exit to Research (range 9) 44538 | -4/Lab | Unable to decrypt terminal 44538 | -4/Lab | Opened the door to a hidden lab 44539 | -4/Lab | Gained access to the hidden lab's interior 44575 | -4/Lab | Found Alien Artifact 44617 | -4/Lab | Identified Core Reset Matrix 44617 | -4/Lab | Identified Transdimensional Reconstructor 44617 | -4/Lab | Used Core Reset Matrix 44621 | -4/Lab | Sensed 3 artifacts in vicinity 44905 | -4/Lab | Build established: Hauler-Mutant 45936 | -4/Lab | Build established: Hauler-Golem 47610 | -4/Lab | Detected by scanners 47619 | -4/Lab | Confronted by A5 47631 | -4/Lab | Allies destroyed A5 47663 | -4/Lab | Unable to decrypt terminal 47713 | -4/Lab | Found Prototype Special Weapon 47739 | -4/Lab | Unable to decrypt terminal 47739 | -4/Lab | Unable to decrypt terminal 47765 | -4/Lab | Found Prototype Protection 47765 | -4/Lab | Identified Exp. Powered Armor 47808 | -4/Lab | Found Prototype Hackware 47818 | -4/Lab | Found Prototype Energy Gun 47818 | -4/Lab | Identified Tachyon Dispersion Ray 47825 | -4/Lab | Found Prototype Energy Cannon 47825 | -4/Lab | Identified Potential Cannon 48032 | -4/Lab | Build established: Hauler-Mutant 48202 | -4/Lab | Found Integrated Reactor 48202 | -4/Lab | Installed Integrated Reactor, increased core energy generation (+2%) 48213 | -4/Lab | Found Core Regenerator 48229 | -4/Lab | Found Transdimensional Reconstructor 48588 | -4/Lab | Build established: Alien-Golem 48932 | -4/Lab | Unable to decrypt terminal 49052 | -4/Lab | Build established: Hauler-Mutant 50489 | -4/Lab | Identified Gui. Remote Datajack 53174 | -4/Lab | Entered Research 53174 | -3/Research | Accompanied by 20 allies 53174 | -3/Research | Evolved 2 slots: Utility x2 53745 | -3/Research | Identified exit to Research 53822 | -3/Research | Found Unknown Device 54199 | -3/Research | First assault squad dispatched 54346 | -3/Research | Discovered new exit (range 14) 54394 | -3/Research | Intercept squad dispatched 54417 | -3/Research | Spotted Tracker 54424 | -3/Research | Allies destroyed Tracker 54474 | -3/Research | Spotted Combat Programmer 54481 | -3/Research | Allies destroyed Combat Programmer 54560 | -3/Research | Intercept squad dispatched 54563 | -3/Research | Spotted Tracker 54563 | -3/Research | Spotted Tracker 54567 | -3/Research | Allies destroyed Tracker 54574 | -3/Research | Allies destroyed Tracker 54615 | -3/Research | Spotted Combat Programmer 54622 | -3/Research | Spotted Combat Programmer 54627 | -3/Research | Entered Testing 54877 | -3/Testing | First assault squad dispatched 55011 | -3/Testing | Build established: Hauler-Golem 55288 | -3/Testing | Scanned by Researcher 55551 | -3/Testing | Found Portable AFG 55562 | -3/Testing | Lost 13 parts (1p9u3w) 55565 | -3/Testing | Destroyed 7 combat bots 55582 | -3/Testing | Intercept squad dispatched 55586 | -3/Testing | Spotted Tracker 55600 | -3/Testing | Destroyed Tracker 55611 | -3/Testing | Spotted Combat Programmer 55620 | -3/Testing | Destroyed Combat Programmer 55702 | -3/Testing | Warped through subspace 56088 | -3/Testing | Identified Quantum Capacitor 56091 | -3/Testing | Lost 8 parts (1p5u2w) 56195 | -3/Testing | Found Prototype Energy Gun 56195 | -3/Testing | Identified Hyp. EM Gauss Rifle 56224 | -3/Testing | Spotted Striker 56224 | -3/Testing | Spotted Striker 56227 | -3/Testing | Spotted Alpha 7 56228 | -3/Testing | Destroyed Striker 56229 | -3/Testing | Destroyed Striker 56254 | -3/Testing | Destroyed Alpha 7 56279 | -3/Testing | Identified Deep Network Scanner 56280 | -3/Testing | Stole the SGEMP Prototype 56325 | -3/Testing | Found Prototype Slashing Weapon 56362 | -3/Testing | Intercept squad dispatched 56369 | -3/Testing | Spotted Tracker 56369 | -3/Testing | Spotted Tracker 56370 | -3/Testing | High security lockdown imminent 56370 | -3/Testing | Destroyed Tracker 56376 | -3/Testing | Destroyed Tracker 56399 | -3/Testing | Spotted Combat Programmer 56399 | -3/Testing | Spotted Combat Programmer 56401 | -3/Testing | Destroyed Combat Programmer 56403 | -3/Testing | Warped through subspace 56406 | -3/Testing | Identified Molecular Scythe 56413 | -3/Testing | Found Prototype Leg 56420 | -3/Testing | Core integrity fell below 50% 56442 | -3/Testing | Found Prototype Hackware 56442 | -3/Testing | Identified Ghost Barrier 56450 | -3/Testing | High security lockdown engaged 56454 | -3/Testing | Used Core Regenerator, restored core integrity (+325) 56489 | -3/Testing | Identified Myomer Exoskeleton 56509 | -3/Testing | Found Prototype Hackware 56509 | -3/Testing | Identified Exp. Hacking Suite 56544 | -3/Testing | Lost 13 parts (2p1n9u1w) 56566 | -3/Testing | Emitted hypermatrix ping 56571 | -3/Testing | Assembled emerged from beneath the floor 56588 | -3/Testing | Build established: Hacker-Mutant 56598 | -3/Testing | Core integrity fell below 20% 56610 | -3/Testing | Destroyed by S-43 Plague with Heavy Machine Gun Last Messages --------------- 56567_ Extracted 23 energy. 56567_ Dropped Molecular Scythe. 56568_ Myomer Exoskeleton destroyed. 56570_ ALERT: Assault forces dispatched. 56574_ G-73 Enforcer destroyed. 56575_ as-79512 triggered Ambush Trap. 56575_ L-61 Swordsman emerges from a hatch in the floor. 56575_ S-43 Plague emerges from a hatch in the floor. 56575_ G-67 Veteran emerges from a hatch in the floor. 56575_ G-67 Veteran destroyed. 56588_ 8 VQ &==CFNYE,P4 S:SQ 56595_ Acquired Hacking Suite. 56602_ Deep Network Scanner destroyed. 56603_ Penetrated by Slug. 56603_ Slug penetrates Ion Accelerator. 56603_ Slug penetrates Wall. 56606_ Penetrated by Slug. 56606_ Slug penetrates Earth. [Achievement: 50k Club] [Achievement: Torch] Map ----- +----------------------------------------------------+ | ?????????#%! !*%+%/= # # #%/* ###### | | ?????????#![=%"!# ######## # ##! ####### | | ????????##!%!%%!# # # ## # | | ????????# #+##### # # ########### # | | ????????# # # ## # + #?????????# + """ | | ???????## # ### ## # ###????????# # """ | | ???????# # ! ## ## # "#????????# # """ | | ???????## #!# ## # "#?##?????# # | | ????????###[##### # ###""#???# ####### | | ???########=%%! ##!!"""## #?????? | | ???# ] #!=%[## #" !"# ####### | | ???# # =%=#?# #"" "# %# | | ???# +* #??# = #" "# # " | | ???# = ######??# ; # " | | ???# #?##????# = #####+ " | | ???# === #???????#### = =s " | | ???########???????????# # s ss |% " | | ?????????########?????# * ;##### | | ?????????#""""""#?##### ###??# ! | | ?????????#"" """### #??## ! | | ?????????#"" ""#### # = ### #???# # ! | | ?????????#"" ## ####### #???#???#### | | ?????????#"" + ! | ! ##?????????# "" | | ?????????#" + #?????????# "" | | ?????????#" #; ;; #?????????# "" | | ?????????#""" # @ ;##?????????# | | ?????????##### # ; "" ;#??????????####### | | ?????????????#### ## """ /##????????????????? | | ????????????????###### """ #?????????????????? | | ?????????????????????# #?????????????????? | | ?????????????????????# #?????????????????? | | ?????????????????????# !== ! #?????????????????? | | ?????????????????????# !== ==#?????????????????? | | ?????????????????????# == = #?????????????????? | | ?????????????????????##########?????????????????? | | ????????????????????????????????????????????????? | | ????????????????????????????????????????????????? | | | | | | | | | | | | | | | | | | | | | | | | | | | +----------------------------------------------------+ Best States ------------- Heat Dissipation 107 Coolant Potential 100 Energy Generation 68 Energy Capacity 3260 Matter Stores 300 Matter Capacity 300 Sight Range 22 Robot Scan Range 16 Terrain Scan Density 10 Power Amplification 30 Additional Mass Support 20 Armor Coverage 1350 Resistance: KI 15 Resistance: TH 15 Resistance: EX 15 Resistance: EM 15 Resistance: I 15 Resistance: S 15 Resistance: P 15 Power Shielding 66 Propulsion Shielding 66 Utility Shielding 90 Weapon Shielding 100 Weapon Cycling 20 Phase Shifting 10 Evasion (%) 76 Targeting Accuracy 8 Melee Accuracy 5 Target Analysis 5 Core Analysis 8 Recoil Reduction 3 Energy Filtering 50 Particle Charging 30 Salvage Targeting 1 Offensive Hacking 51 Defensive Hacking 30 Item Schematics ----------------- None Robot Schematics ------------------ None Fabricated ------------ M-28 Smith | x1 | -7/Factory H-66 Slayer | x2 | -7/Factory System Shield | x1 | -7/Factory H-66 Slayer | x2 | -7/Factory H-66 Slayer | x2 | -7/Factory H-66 Slayer | x2 | -7/Factory H-66 Slayer | x2 | -7/Factory M-28 Smith | x1 | -5/Factory Exp. Heat Sink | x1 | -4/Factory H-77 Assassin | x2 | -4/Armory | Preloaded Alien Tech Used ----------------- Integrated Reactor Core Reset Matrix Transdimensional Reconstructor Core Regenerator Achievements -------------- 50k Club Max Potential Torch Woof! Challenges ------------ None Game ------ Seed CentriumBurstProtomatter Manual? 0 Play Time 08:12:24 Cumulative 129.6 hours Start 2020.06.15 @ 07:40:46 End 2020.06.18 @ 22:29:26 Sessions 13 Manual Loads 0 Difficulty Rogue Special Mode None Game No. 52 Rogue 52 Adventurer 0 Explorer 0 Win Type - Total 6 Types 5/0/0/1/0/0/0 Lore% 68 Gallery% 65 Achievement% 57 Wizard Run 0 Options --------- ASCII 1 Keyboard 0 Movement Numpad Keybinds 0 Fullscreen 1 Font 18/SmallcapsGlow Map View 76x50 Tactical HUD 1 Map Filters NONE Filters NONE Steam 1 RUN: 515aa1e6-e9ba-4c62-851e-cc98a63ac061